 Dungeon Crawl Stone Soup version 0.26-a0-672-g1df16c3386 (webtiles) character file.

Game seed: 3550821923865602605

168 lunkers the Insei (level 5, -1/40 HPs)
             Began as a Draconian Transmuter on Oct 19, 2020.
             Slain by Grinder (3 damage)
             ... while paralysed by Grinder
             ... on level 3 of the Dungeon.
             The game lasted 00:05:29 (3240 turns).

lunkers the Insei (Draconian Transmuter)            Turns: 3240, Time: 00:05:30

Health: -1/40      AC:  2    Str: 12    XL:     5   Next: 23%
Magic:  4/8        EV:  5    Int: 14    God:
Gold:   125        SH:  0    Dex: 17    Spells: 4/8 levels left

rFire    . . .     SeeInvis .     - Unarmed
rCold    . . .     Faith    .   (shield currently unavailable)
rNeg     . . .     Spirit   .   (armour unavailable)
rPois    x         Reflect  .   (helmet currently unavailable)
rElec    .         Harm     .   (cloak currently unavailable)
rCorr    .         Rampage  .   (gloves currently unavailable)
MR       .....                  (boots currently unavailable)
Stlth    ++........             (no amulet)
HPRegen  0.13/turn              (no ring)
MPRegen  0.11/turn              (no ring)

@: paralysed, spider-form (expiring)
A: tiny, unfitting armour, AC +5
a: End Transformation


You were on level 3 of the Dungeon.
You were a venomous arachnid creature.
You visited 1 branch of the dungeon, and saw 3 of its levels.

You collected 125 gold pieces.

Inventory:

Jewellery
 p - a cursed ring of teleportation {unknown}
Scrolls
 a - 6 scrolls of teleportation {unknown}
 b - a scroll of amnesia {unknown}
 e - 3 scrolls of remove curse {unknown}
 h - 3 scrolls of immolation {unknown}
 i - 3 scrolls of identify {unknown}
 j - a scroll of noise {unknown}
 k - a scroll of fear {unknown}
 l - 2 scrolls of enchant armour {unknown}
 m - a scroll of enchant weapon {unknown}
 n - a scroll of random uselessness {unknown}
Potions
 c - a potion of might {unknown}
 d - a potion of brilliance {unknown}
 f - a potion of cancellation {unknown}
 g - a potion of stabbing {unknown}
 o - a potion of flight {unknown}
 q - a potion of magic {unknown}
 r - a potion of heal wounds {unknown}
 s - a potion of curing {unknown}


   Skills:
 - Level 1.1 Fighting
 - Level 1.7 Dodging
 + Level 4.7 Unarmed Combat
 - Level 2.0 Spellcasting
 + Level 4.1 Transmutations


You had 4 spell levels left.
You knew the following spells:

 Your Spells              Type           Power        Failure   Level
c - Spider Form           Tmut/Pois      #.........   52%         3
p - Beastly Appendage     Tmut           ##....       13%         1

Your spell library contained the following spells:

 Spells                   Type           Power        Failure   Level
 Wereblood                Tmut           ##......     19%         2
 Ice Form                 Ice/Tmut       #.......     87%         4
 Blade Hands              Tmut           ##........   90%         5


Dungeon Overview and Level Annotations

Branches:
Dungeon (3/15)

Altars:

Annotations:
D:3 Grinder


Innate Abilities, Weirdness & Mutations

((Your plain brown scales are hard. (AC +5)))
You cannot fit into any form of body armour.
((You are cold-blooded and may be slowed by cold attacks.))


Message History

* * * LOW HITPOINT WARNING * * *
Unknown command.
You hit Grinder.
Grinder is severely wounded.
Grinder hits you.
* * * LOW HITPOINT WARNING * * *
Unknown command.
You hit Grinder.
Grinder is severely wounded.
Grinder blinks!
Unknown command.
Grinder gestures at you.
You suddenly lose the ability to move!
Your transformation is almost over.
Grinder hits you.
* * * LOW HITPOINT WARNING * * *
Grinder hits you!
* * * LOW HITPOINT WARNING * * *
Grinder hits you.
You die...

#......# #############
######.# #......# #.#
#.###... #.# #.# #### #
#.# #.# # #.# #.# ## #.#
#.######
.#####.#################
#.......
.#...........†..s5......
#######.
.#.###.#########........
#..... ...# #.#
#........ #.#### #..#
#.# #.....#.# #)#...
#..# #.# #.....# #
#.#.## ##.# #.# #..<..#
#)#.# #.. #.# #.#.###
#.#.# #..##.# #.#.#
#.#.# #..# #.#.#


You could see Grinder (poisoned).

Vanquished Creatures
  A bullfrog zombie (D:3)
  3 gnolls
  3 adders
  2 oozes
  3 dart slugs
  3 leopard geckos (D:1)
  3 orcs (D:3)
  2 ball pythons
  2 giant cockroaches
  6 goblins
  4 hobgoblins
  4 jackals (D:3)
  8 kobolds
  A quokka (D:2)
  2 bats
  3 frilled lizards
  10 rats
60 creatures vanquished.

Notes
Turn   | Place    | Note
-------+----------+-------------------------------------------
     0 | D:1      | lunkers the Draconian Transmuter began the quest for the
                  | Orb.
     0 | D:1      | Reached XP level 1. HP: 16/16 MP: 3/3
    56 | D:1      | Reached XP level 2. HP: 18/23 MP: 3/5
   835 | D:2      | Reached XP level 3. HP: 28/28 MP: 4/6
  1193 | D:2      | Found a faded altar of an unknown god.
  1261 | D:2      | Learned a level 3 spell: Spider Form
  2203 | D:3      | Reached XP level 4. HP: 27/35 MP: 5/7
  3075 | D:3      | Reached XP level 5. HP: 34/40 MP: 1/8
  3209 | D:3      | Noticed Grinder
  3220 | D:3      | Paralysed by Grinder for 4 turns
  3227 | D:3      | Paralysed by Grinder for 2 turns
  3235 | D:3      | Paralysed by Grinder for 7 turns
  3239 | D:3      | HP: 2/40 [Grinder (9)]
  3240 | D:3      | Slain by Grinder

Illustrated notes

Levels and vault maps discovered:
D:1:      scummos_arrival_checkerplants, layout_basic, bh_walls_and_bars
D:2:      layout_loops_ring, chequers_ecumenical_altar_twisty,
          serial_bayou_lake_a
D:3:      layout_basic, uniq_grinder

Skill      XL: |  1  2  3  4 |
---------------+-------------+-----
Transmutations | 3 4 |  4.1
Unarmed Combat | 4 |  4.7
Fighting       | |  1.1
Dodging        | |  1.7
Spellcasting   | |  2.0

Action                   |  1- 3 |  4- 6 || total
-------------------------+-------+-------++-------
Melee: Unarmed           |    96 |    96 ||   192
       Kick              |    10 |     1 ||    11
       Headbutt          |    11 |     5 ||    16
       Tailslap          |     6 |     3 ||     9
       Punch             |     1 |     2 ||     3
 Cast: Beastly Appendage |    29 |     3 ||    32
       Spider Form       |       |     8 ||     8
 Stab: Sleeping          |       |     1 ||     1
Armor: Skin              |    20 |    19 ||    39
Dodge: Dodged            |    50 |    68 ||   118

Table legend: (Time is in decaauts)
 A = Elapsed time spent in this place.
 B = Non-inter-level travel time spent in this place.
 C = Inter-level travel time spent in this place.
 D = Time resting spent in this place.
 E = Time spent auto-exploring this place.
 F = Levels seen in this place.
 G = Mean time per level.
                   A        B        C        D        E       F      G
               +--------+--------+--------+--------+--------+-----+--------+
         Total |   3253 |   3174 |     79 |    297 |   2238 |   3 | 1084.3 |
       Dungeon |   3253 |   3174 |     79 |    297 |   2238 |   3 | 1084.3 |
               +--------+--------+--------+--------+--------+-----+--------+

Top non-repeatable levels by time:
     D:2: 1269 daAuts
     D:3: 1185 daAuts
     D:1: 798 daAuts
